 Dungeon Sprint DCSS version 0.29.1-2-gbd0b4ee654 (webtiles) character file.

Game seed: 13881953859585465379

26 Groucho the Sneak (level 2, -5/13 HPs)
             Began as a Spriggan Enchanter on Nov 22, 2022.
             Slain by a water elemental (16 damage)
             ... in the Dungeon (Sprint III: "The Ten Rune Challenge").
             The game lasted 00:00:59 (110 turns).

Groucho the Sneak (Spriggan Enchanter)               Turns: 110, Time: 00:00:59

Health: -5/13      AC:  2    Str:  4    XL:     2   Next: 89%
Magic:  8/8        EV: 17    Int: 16    God:
Gold:   0          SH:  0    Dex: 15    Spells: 9/9 levels left

rFire   . . .      SeeInvis +   a - +1 dagger
rCold   . . .      Faith    .   (no shield)
rNeg    . . .      Spirit   .   b - +0 robe
rPois   .          Reflect  .   (helmet restricted)
rElec   .          Harm     .   (no cloak)
rCorr   .          Rampage  .   (gloves unavailable)
Will    .....      NoTele   +   (boots unavailable)
Stlth   ++++......              (no amulet)
HPRegen 0.04/turn               (no ring)
MPRegen 0.11/turn               (no ring)

@: hasted, invisible, very quick
A: very small, no large weapons, unfitting armour, see invisible, speed 3
a: no special abilities


You were in the Dungeon.
You visited 1 branch

Inventory:

Hand Weapons
 a - a +1 dagger (weapon)
Missiles
 j - 3 poisoned darts (quivered)
Armour
 b - a +0 robe (worn)
Scrolls
 i - a scroll of blinking
Potions
 c - a potion of invisibility
 d - a potion of curing
 e - a potion of heal wounds
 g - 2 potions of magic
 h - a potion of berserk rage


   Skills:
 - Level 1.1 Short Blades
 - Level 2.6 Dodging
 * Level 7.9 Stealth
 + Level 4.3 Spellcasting
 + Level 5.0 Hexes


You had 9 spell levels left.
You didn't know any spells.
Your spell library contained the following spells:

 Spells                   Type           Power      Damage    Failure   Level
 Confusing Touch          Hex            19%        N/A       6%          3
 Tukima's Dance           Hex            19%        N/A       6%          3
 Ensorcelled Hibernation  Hex/Ice        22%        N/A       9%          2
 Dazzling Flash           Conj/Hex       22%        N/A       17%         3


Dungeon Overview and Level Annotations

Branches:
Dungeon (1/1)

Altars:


Innate Abilities, Weirdness & Mutations

You are very small and have problems with some larger weapons.
You are too small for most types of armour.
You have supernaturally acute eyesight. (SInv)
You cover ground extremely quickly. (Speed+++)


Message History

Unknown command.
You feel yourself speed up.
You enter the shallow water.
Moving in this stuff is going to be slow. ...and don't expect to remain undetected.
Unknown command.
A phantom comes into view.
Unknown command.
The helpless phantom fails to defend itself.
You impale the phantom!!
You destroy the phantom!
Your Hexes skill increases to level 5!
You enter the shallow water.
Moving in this stuff is going to be slow. ...and don't expect to remain undetected.
You open the door.
A water elemental comes into view.
There is an open door to the Ecumenical Temple here.
The helpless water elemental fails to defend itself.
You impale the water elemental!!
You punch the water elemental, but do no damage.
The water elemental is severely damaged.
There is a fountain of clear blue water here.
You hit the water elemental.
The water elemental is severely damaged.
You barely miss the water elemental.
The water elemental is severely damaged.
You hit the water elemental.
The water elemental is almost destroyed.
The water elemental closely misses you.
You barely miss the water elemental.
The water elemental is almost destroyed.
The water elemental completely misses you.
You hit the water elemental but do no damage.
The water elemental is almost destroyed.
You hit the water elemental but do no damage.
The water elemental is almost destroyed.
The water elemental hits you!
Ouch! That really hurt!
You die...

▓▓▓▓▓▓▓ ▓▓▓ +...♣.♣♣ ♣.#
#....♣.♣ ♣♣.# ###....♣.♣
..#
..#....~.♣♣♣♣.###+#+###+
.†#...~~♣..♣..#E........
.)#..~~~~♣.♣..'.@.......
#'#..~≈≈~~~...#...######
..#.~~≈~~~....#.⌠.#
†.#.~≈~~~.....#...#
..#.~~~.......#+###
###...........#
..............#
▓▓▓▓▓▓▓▓▓▓▓▓▓▓▓


You could see a water elemental (unable to see you).

Vanquished Creatures
  A human (D)
  A phantom (D)
  An endoplasm (D)
  3 rats (D)
6 creatures vanquished.

Notes
Turn   | Place    | Note
-------+----------+-------------------------------------------
     0 | D        | Groucho the Spriggan Enchanter began the quest for the Orb.
     0 | D        | Reached XP level 1. HP: 9/9 MP: 5/5
     5 | D        | Reached skill level 5 in Stealth
    73 | D        | Reached skill level 7 in Stealth
    73 | D        | Reached XP level 2. HP: 11/13 MP: 6/8
    91 | D        | Reached skill level 5 in Hexes
   100 | D        | Noticed a water elemental
   110 | D        | Slain by a water elemental

Illustrated notes

Levels and vault maps discovered:
D:        dungeon_sprint_mu [sprint_mu_entry_forest, sprint_mu_temple_rooms,
          sprint_mu_d1_spiders, sprint_mu_d2_genie, sprint_mu_d3_branching,
          sprint_mu_orc_legion, sprint_mu_elf_gauntlet, sprint_mu_hive_nellie,
          sprint_mu_lair_fedhas, sprint_mu_vaults_butterflies,
          sprint_mu_slime_circle, sprint_mu_shoals_kraken,
          sprint_mu_snake_twists, sprint_mu_blade_basic,
          sprint_mu_crypt_chambers, sprint_mu_tomb_spiral,
          sprint_mu_vestibule_basic, sprint_mu_gehenna_hellfire,
          sprint_mu_dis_giant, sprint_mu_tartarus_statrot,
          sprint_mu_cocytus_islands, sprint_mu_zot1]

Skill      XL: |  1  2 |
---------------+-------+-----
Stealth        | 7 |  7.9
Spellcasting   | 4 |  4.3
Hexes          | 4 5 |  5.0
Short Blades   | |  1.1
Dodging        | |  2.6

Action                   || total
-------------------------++-------
Melee: Dagger            ||    29
       Punch             ||     1
  Use: Potion            ||     2
 Stab: Sleeping          ||     5
       Invisible         ||     3
Dodge: Dodged            ||    16
